 Dungeon Crawl Stone Soup version 0.28-a0-863-g8cecda6153 (webtiles) character file.

Game seed: 7720916663225094811

6250 BinkBink the Thaumaturge (level 10, -4/58 HPs)
             Began as a Deep Elf Fire Elementalist on Nov 20, 2021.
             Was a Follower of Vehumet.
             Killed by divine providence
             ... invoked by a meliai
              (14 damage)
             ... on level 10 of the Dungeon.
             The game lasted 00:39:15 (16153 turns).

BinkBink the Thaumaturge (DEFE)                    Turns: 16153, Time: 00:39:15

Health: -4/58      AC:  8    Str:  5    XL:     10   Next: 62%
Magic:  22/25      EV: 16    Int: 24    God:    Vehumet [*.....]
Gold:   471        SH:  0    Dex: 18    Spells: 19/28 levels left

rFire   + . .      SeeInvis .   u - staff of fire
rCold   . . .      Faith    .   (no shield)
rNeg    . . .      Spirit   .   a - +0 robe
rPois   +          Reflect  .   (no helmet)
rElec   .          Harm     .   (no cloak)
rCorr   .          Rampage  .   n - +1 pair of gloves {Dex+3}
Will    +....                   (no boots)
Stlth   +++.......              (no amulet)
HPRegen 0.19/turn               d - +4 ring of protection
MPRegen 0.19/turn               o - ring of poison resistance

@: no status effects
A: no striking features
a: Renounce Religion


You were on level 10 of the Dungeon.
You worshipped Vehumet.
Vehumet was aware of your devotion.
You visited 2 branches of the dungeon, and saw 11 of its levels.
You also visited: Sewer.

You collected 471 gold pieces.

Inventory:

Armour
 a - a +0 robe (worn)
 n - a +1 pair of gloves of dexterity (worn)
Magical Staves
 u - a staff of fire (weapon)
 H - a staff of earth
Jewellery
 d - a +4 ring of protection (left hand)
 o - a ring of poison resistance (right hand)
 C - a ring of see invisible
Wands
 q - a wand of iceblast (19)
 G - a wand of flame (10)
 J - a wand of charming (5)
Scrolls
 b - 2 scrolls of fear
 e - 3 scrolls of noise
 f - a scroll of vulnerability
 j - 7 scrolls of teleportation
 k - a scroll of fog
 l - 3 scrolls of magic mapping
 m - a scroll of holy word {unknown}
 v - 4 scrolls of identify
 x - a scroll of acquirement {unknown}
 y - a scroll of brand weapon {unknown}
 A - a scroll of amnesia
 B - a scroll of silence
 D - a scroll of immolation {unknown}
 E - a scroll of blinking {unknown}
 F - 2 scrolls of enchant armour {unknown}
Potions
 c - a potion of berserk rage {unknown}
 g - 2 potions of curing {unknown}
 h - a potion of attraction {unknown}
 i - a potion of lignification {unknown}
 p - 5 potions of flight
 r - 3 potions of might {unknown}
 s - 3 potions of magic {unknown}
 t - 2 potions of brilliance {unknown}
 w - 2 potions of ambrosia {unknown}
 z - a potion of mutation {unknown}
 I - a potion of cancellation {unknown}


   Skills:
 * Level 4.3 Fighting
 * Level 5.3 Staves
 * Level 7.0 Dodging
 + Level 4.2 Stealth
 + Level 0.1 Unarmed Combat
 + Level 9.7 Spellcasting
 + Level 6.7 Conjurations
 + Level 8.3 Fire Magic
 + Level 0.2 Air Magic
 * Level 1.3 Earth Magic
 * Level 0.9 Poison Magic
 * Level 5.2 Evocations


You had 19 spell levels left.
You knew the following spells:

 Your Spells              Type           Power      Damage    Failure   Level
a - Foxfire               Conj/Fire      100%       2x1d9     1%          1
b - Sticky Flame          Conj/Fire      64%        2d8       2%          4
c - Poisonous Vapours     Pois/Air       28%        N/A       6%          2
d - Passwall              Tmut/Erth      11%        N/A       6%          2

Your spell library contained the following spells:

 Spells                   Type           Power      Damage    Failure   Level
 Shock                    Conj/Air       100%       1d9       1%          1
 Scorch                   Fire           100%       2d10      1%          2
 Static Discharge         Conj/Air       28%        N/A       1%          2
 Conjure Flame            Conj/Fire      64%        6-21      1%          3
 Flame Wave               Conj/Fire      64%        3d11      2%          4
 Sandblast                Erth           36%        2d10      3%          1
 Inner Flame              Hex/Fire       47%        N/A       3%          3
 Stone Arrow              Conj/Erth      62%        3d10      3%          3
 Sting                    Tmut/Pois      56%        1d5       4%          1
 Ignite Poison            Fire/Tmut/Pois 39%        N/A       4%          3
 Mephitic Cloud           Conj/Pois/Air  24%        N/A       5%          3
 Ensorcelled Hibernation  Hex/Ice        22%        N/A       9%          2
 Sublimation of Blood     Necr           11%        N/A       9%          2
 Wereblood                Tmut           11%        N/A       9%          2
 Ozocubu's Armour         Ice            11%        N/A       16%         3
 Tukima's Dance           Hex            11%        N/A       16%         3
 Olgreb's Toxic Radiance  Pois           16%        N/A       36%         4
 Dispel Undead            Necr           11%        3d9       47%         4
 Freezing Cloud           Conj/Ice/Air   11%        6-21      52%         5
 Borgnjor's Vile Clutch   Necr/Erth      7%         N/A       75%         5
 Alistair's Intoxication  Tmut/Pois      9%         N/A       77%         5
 Summon Forest            Summ/Tloc      5%         N/A       83%         5
 Eringya's Noxious Bog    Tmut/Pois      7%         N/A       100%        6
 Ozocubu's Refrigeration  Ice            5%         4d6       100%        7
 Summon Hydra             Summ           5%         N/A       100%        7


Dungeon Overview and Level Annotations

Branches:
Dungeon (10/15)            Temple (1/1) D:6             Orc (0/2) D:9
  Sewer (visited)
   Lair: D:8-11

Altars:
Ashenzari
Cheibriados
Dithmenos
Elyvilon
Fedhas
Gozag
Hepliaklqana
Kikubaaqudgha
Makhleb
Nemelex Xobeh
Okawaru
Qazlal
Ru
Sif Muna
Trog
Uskayaw
Vehumet
Wu Jian
Xom
Yredelemnul
Zin
The Shining One

Shops:
D:8 (

Annotations:
D:8 Joseph


Message History

Vehumet accepts your kill.
Your Staves skill increases to level 5!
Your foxfire dissipates!
You see here a wyvern corpse.
A wraith comes into view.
You feel a surge of power!
You conjure some foxfire!
A meliai comes into view.
It is wielding a +2 war axe of electrocution and carrying a wand of charming (12).
You feel a surge of power!
You conjure some foxfire!
The foxfire hits the wraith but does no damage.
You feel a surge of power!
You conjure some foxfire!
The foxfire hits the wraith but does no damage.
The foxfire hits the wraith.
The wraith is lightly damaged.
The meliai zaps a wand.
You easily resist.
The foxfire hits the wraith!
The wraith is moderately damaged.
A meliai comes into view. It is wielding a +0 hand axe.
The meliai mumbles some strange prayers to its god against you.
Something smites you!
You feel a surge of power!
You conjure some foxfire!
The foxfire hits the meliai.
The meliai is lightly wounded.
The foxfire hits the meliai.
The meliai is lightly wounded.
A meliai comes into view. It is wielding a +0 hand axe.
The foxfire hits the meliai but does no damage.
The meliai is lightly wounded.
The foxfire hits the meliai but does no damage.
The meliai is lightly wounded.
The meliai completely misses you.
The meliai stings you but does no damage.
The meliai calls down the wrath of its god upon you.
Something smites you!
The meliai calls down the wrath of its god upon you.
Something smites you!
The meliai mumbles some strange prayers to its god against you.
Something smites you!
* * * LOW HITPOINT WARNING * * *
The meliai calls down the wrath of its god upon you.
Something smites you!
You die...

...............
..........#....
..............
........y...#
............
.......y..#
.......yW### #.
.........@.## ...
#........ยง##..##..#
.#......####.......#
........ ##........#
#...#.###........##
.
.#.....#...........#
..#.#
#.......<.##.....#
.##.# ##.........#
.....#
....###.......####
...###


You could see a wraith and 3 meliai.

Vanquished Creatures
  A hydra (D:8)
  A two-headed ogre (D:6)
  Psyche (D:8)
  A hornet (D:8)
  5 yaks
  A wraith (D:9)
  2 wyverns
  2 steam dragons
  Menkaure (D:7)
  A water moccasin (D:8)
  A black bear (D:6)
  A hornet zombie (D:9)
  2 ice beasts
  An orc warrior (D:9)
  A necrophage (D:4)
  3 ogres
  3 centaurs
  A bullfrog (D:7)
  2 scorpions
  A wyvern zombie (D:9)
  4 wights (D:8)
  3 killer bees (D:9)
  2 howler monkeys
  2 jellies
  6 centaur zombies
  6 hounds
  A gnoll shaman (D:6)
  An orc priest (D:6)
  2 centaur skeletons
  3 iguanas
  A bullfrog skeleton (D:5)
  5 orc wizards
  A merfolk siren (Sewer)
  A merfolk avatar (Sewer)
  2 killer bee zombies
  A hound skeleton (D:4)
  4 howler monkey zombies
  Robin (D:3)
  7 gnolls
  2 howler monkey skeletons
  16 adders
  2 river rats (D:3)
  A shadow imp (D:8)
  3 ufetubi
  2 adder skeletons (D:4)
  2 worms (D:2)
  A dart slug (D:5)
  18 orcs
  10 ball pythons
  9 bats
  9 endoplasms
  7 giant cockroaches
  30 goblins
  10 hobgoblins
  8 jackals (D:5)
  14 kobolds
  8 quokkas
  7 frilled lizards
  34 rats
278 creatures vanquished.

Vanquished Creatures (others)
  1241 foxfires
1241 creatures vanquished.

Grand Total: 1519 creatures vanquished

Notes
Turn   | Place    | Note
-------+----------+-------------------------------------------
     0 | D:1      | BinkBink the Deep Elf Fire Elementalist began the quest for
                  | the Orb.
     0 | D:1      | Reached XP level 1. HP: 10/10 MP: 6/6
   195 | D:1      | Reached XP level 2. HP: 15/15 MP: 4/8
   832 | D:1      | Found a faded altar of an unknown god.
   954 | D:1      | Reached XP level 3. HP: 15/19 MP: 6/10
  1679 | D:2      | Reached skill level 4 in Spellcasting
  2517 | D:2      | Reached XP level 4. HP: 24/24 MP: 7/12
  3735 | D:3      | Noticed Robin
  3936 | D:3      | Killed Robin
  3937 | D:3      | Reached skill level 5 in Spellcasting
  3972 | D:3      | Reached XP level 5. HP: 28/28 MP: 9/14
  4101 | D:3      | Found a broken altar of Ashenzari.
  4282 | D:3      | Found a glowing drain.
  4295 | Sewer    | Entered a sewer
  4751 | Sewer    | Reached XP level 6. HP: 32/32 MP: 11/16
  5160 | D:3      | Reached skill level 5 in Fire Magic
  5206 | D:3      | Found a shimmering altar of Xom.
  6117 | D:4      | Reached skill level 6 in Spellcasting
  6234 | D:4      | Found a glowing golden altar of the Shining One.
  6458 | D:4      | Reached skill level 1 in Fighting
  6458 | D:4      | Reached skill level 1 in Staves
  6458 | D:4      | Reached skill level 1 in Evocations
  6458 | D:4      | Reached XP level 7. HP: 38/38 MP: 11/18
  6748 | D:5      | Entered Level 5 of the Dungeon
  6980 | D:5      | Found a shadowy altar of Dithmenos.
  8043 | D:5      | Found a bloodstained altar of Trog.
  8335 | D:6      | Reached skill level 7 in Spellcasting
  8335 | D:6      | Reached XP level 8. HP: 44/44 MP: 12/20
  8779 | D:6      | Noticed a two-headed ogre
  9426 | D:5      | Learned a level 4 spell: Sticky Flame
  9539 | D:6      | Reached skill level 5 in Conjurations
  9580 | D:6      | Found a blossoming altar of Fedhas.
  9602 | D:6      | Found a staircase to the Ecumenical Temple.
  9617 | Temple   | Entered the Ecumenical Temple
  9667 | Temple   | Became a worshipper of Vehumet
  9932 | D:6      | Found an ancient bone altar of Kikubaaqudgha.
 10935 | D:6      | Killed a two-headed ogre
 10936 | D:6      | Reached skill level 5 in Dodging
 10936 | D:6      | Reached skill level 8 in Spellcasting
 10936 | D:6      | Reached XP level 9. HP: 51/51 MP: 14/23
 11356 | D:7      | Noticed Menkaure
 11360 | D:7      | Killed Menkaure
 11628 | D:7      | Found a sacrificial altar of Ru.
 12262 | D:8      | Noticed a four-headed hydra
 12274 | D:8      | Killed a four-headed hydra
 12452 | D:8      | Noticed Joseph
 12475 | D:8      | Found Wostreq's Weapon Boutique.
 12497 | D:8      | Reached skill level 9 in Spellcasting
 12528 | D:8      | Reached XP level 10. HP: 56/56 MP: 2/25
 12715 | D:8      | Noticed Psyche
 12743 | D:8      | Killed Psyche
 12786 | D:8      | Found an ornate altar of the Wu Jian Council.
 13821 | D:7      | Learned a level 2 spell: Poisonous Vapours
 14684 | D:7      | Learned a level 2 spell: Passwall
 14778 | D:9      | Reached skill level 5 in Evocations
 14981 | D:9      | Found a basalt altar of Yredelemnul.
 15076 | D:9      | Found a staircase to the Orcish Mines.
 15201 | D:9      | Reached skill level 1 in Earth Magic
 15294 | D:9      | Found a flagged portal.
 16001 | D:10     | Entered Level 10 of the Dungeon
 16052 | D:10     | Reached * piety under Vehumet
 16052 | D:10     | Offered knowledge of Shock by Vehumet.
 16114 | D:10     | Reached skill level 5 in Staves
 16153 | D:10     | Killed from afar by a meliai

Illustrated notes

Levels and vault maps discovered:
D:1:      onia_arrival_pyramid, layout_basic, basic_ecumenical_altar
D:2:      minmay_razor_zed, layout_basic
D:3:      layout_basic, mainiacjoe_overflow_catwalk,
          nicolae_ashenzari_panopticon, cheibrodos_sewer_entry_sluice,
          st_stairs_8, uniq_robin
D:4:      layout_cave_pods, mainiacjoe_overflow_six_doors_small,
          kennysheep_path_1
D:5:      layout_loops_corners, trog_butcher_becter,
          grunt_dithmenos_smoke_and_mirrors, corexii_shack,
          kennysheep_nondescript, kennysheep_big_empty_room
D:6:      layout_layer_cave, mainiacjoe_overflow_surrounded_room,
          nicolae_overflow_hidden_temple, minmay_temple_entry_grid,
          grunt_ministairs_13, minmay_unpleasant_kobolds
D:7:      layout_cave_pods, nicolae_ru_great_annihilating_truth,
          minmay_chambers_of_fives, uniq_menkaure
D:8:      layout_basic, lemuel_doored_altar, serial_rivers,
          chequers_serial_rivers_micro_b, chequers_serial_rivers_micro_a,
          chequers_serial_rivers_large_b, chequers_serial_rivers_small_a,
          chequers_serial_rivers_large_a, chequers_serial_rivers_micro_d,
          serial_shops, nicolae_shop_statue_plus, minmay_misc_feat_four_crosses,
          uniq_joseph, uniq_psyche
D:9:      layout_cross, nicolae_yredelemnul_corpse_copse, enter_bailey_2
D:10:     layout_cave_pools, enter_trove_3, serial_gnoll_camp,
          gnoll_camp_mini_sergeant, gnoll_camp_mini_hut, gnoll_camp_mini_house,
          gnoll_camp_mini_shop, uniq_maurice
Temple:   minmay_temple_bridge_abc

Skill      XL: |  1  2  3  4  5  6  7  8  9 10 |
---------------+-------------------------------+-----
Fire Magic     | 4 5 6 7 8 |  8.3
Spellcasting   | 4 5 6 7 8 9 |  9.7
Stealth        | 3 4 |  4.2
Conjurations   | 2 3 4 5 6 |  6.7
Dodging        | 3 4 5 6 7 |  7.0
Fighting       | 1 3 4 |  4.3
Staves         | 1 2 3 4 5 |  5.3
Evocations     | 1 3 4 5 |  5.2
Earth Magic    | 1 |  1.3
Unarmed Combat | |  0.1
Air Magic      | |  0.2
Poison Magic   | |  0.9

Action                   |  1- 3 |  4- 6 |  7- 9 | 10-12 || total
-------------------------+-------+-------+-------+-------++-------
Melee: Unarmed           |       |     5 |       |       ||     5
       Staff             |       |       |     7 |       ||     7
 Cast: Foxfire           |   112 |   215 |   300 |   148 ||   775
       Sticky Flame      |       |       |    11 |    18 ||    29
       Poisonous Vapours |       |       |       |    10 ||    10
  Use: Scroll            |       |       |     9 |     3 ||    12
Armor: Robe              |     1 |     5 |    26 |    14 ||    46
Dodge: Dodged            |     6 |    32 |    69 |    39 ||   146

Table legend: (Time is in decaauts)
 A = Elapsed time spent in this place.
 B = Non-inter-level travel time spent in this place.
 C = Inter-level travel time spent in this place.
 D = Time resting spent in this place.
 E = Time spent auto-exploring this place.
 F = Levels seen in this place.
 G = Mean time per level.
                   A        B        C        D        E       F      G
               +--------+--------+--------+--------+--------+-----+--------+
         Total |  16247 |  15640 |    607 |      0 |  13166 |  12 | 1353.9 |
       Dungeon |  15616 |  15030 |    586 |      0 |  12767 |  10 | 1561.6 |
        Temple |     71 |     50 |     21 |      0 |     36 |   1 |   71.0 |
         Sewer |    559 |    559 |      0 |      0 |    362 |   1 |  559.0 |
               +--------+--------+--------+--------+--------+-----+--------+

Top non-repeatable levels by time:
     D:2: 2277 daAuts
     D:5: 2105 daAuts
     D:6: 2082 daAuts
     D:7: 2023 daAuts
     D:8: 1967 daAuts
     D:1: 1631 daAuts
     D:3: 1241 daAuts
     D:4: 1069 daAuts
     D:9: 1067 daAuts
   Sewer: 559 daAuts
    D:10: 151 daAuts
  Temple: 71 daAuts
